 Dungeon Crawl Stone Soup version 0.31-a0-986-g5e6e4ef867 (webtiles) character file.

Game seed: 13970814404503343126

320 Adrian566 the Ruffian (level 6, -1/55 HPs)
             Began as a Troll Shapeshifter on Nov 13, 2023.
             Slain by a gnoll
             ... wielding a +0 spear
              (7 damage)
             ... on level 5 of the Dungeon.
             The game lasted 00:03:13 (1981 turns).

Adrian566 the Ruffian (Troll Shapeshifter)          Turns: 1981, Time: 00:03:14

Health: -1/55      AC:  4    Str: 25    XL:     6   Next: 22%
Magic:  5/5        EV: 10    Int:  6    God:
Gold:   90         SH:  0    Dex:  9    Spells: 5/5 levels left

rFire   . .          .
                       - Unarmed
rCold   . . .        (no shield)
rNeg    . . .        a - +0 animal skin
rPois   .            (helmet currently unavailable)
rElec   .            g - melded +2 cloak
rCorr   .            (gloves unavailable)
SInv    .            (boots unavailable)
Will    .....        (no amulet) Stlth
                     (no ring)
HPRegen 1.09/turn    (no ring)
MPRegen 0.09/turn

%: no passive effects
@: mighty, beast-form, silenced
A: beast (slay +2), large, unfitting armour, claws 3, regeneration 1, shaggy fur
1, tough skin 1
a: Begin Untransformation


You were on level 5 of the Dungeon.
You were a hulking beast.
You visited 1 branch of the dungeon, and saw 4 of its levels.

You collected 90 gold pieces.

Inventory:

Armour
 a - a +0 animal skin (worn)
 g - a +2 cloak (melded)
Jewellery
 i - a ring of poison resistance
Talismans
 c - a beast talisman (active)
 d - a flux talisman
 l - a blade talisman
Scrolls
 j - a scroll of enchant armour {unknown}
 o - a scroll of teleportation {unknown}
Potions
 f - 2 potions of might


   Skills:
 + Level 1.0 Fighting
 + Level 2.6 Dodging
 + Level 0.2 Stealth
 + Level 5.0 Unarmed Combat
 * Level 4.5 Shapeshifting


You had 5 spell levels left.
You didn't know any spells.
Your spell library contained the following spells:

 Spells                   Type           Power      Damage    Failure   Level
 Lesser Beckoning         Tloc           0%         N/A       58%         2
 Gell's Gravitas          Tloc           0%         N/A       83%         3
 Teleport Other           Tloc           0%         N/A       83%         3


Dungeon Overview and Level Annotations

Branches:
Dungeon (5/15)
 Temple: D:4-7

Altars:

Portals:
Sewer: D:5


Innate Abilities, Weirdness & Mutations

You are a hulking beast.
Your limbs bulge with bestial killing power. (Slay +2)
You are too large for most types of armour.
You have claws for hands.
Your natural rate of healing is unusually fast.
You are covered in fur. (AC +1)
You have tough skin. (AC +1)


Message History

The gnoll hits you with a +0 halberd!
Things that are here:
a +0 spear; a +2 vampiric whip; a gnoll corpse You mangle the gnoll!!
You kill the gnoll!
Your Unarmed Combat skill increases to level 5!
You barely miss the gnoll.
The gnoll hits you with a +1 flail of holy wrath.
* * * LOW HITPOINT WARNING * * *
The gnoll hits you from afar with a +0 spear.
* * * LOW HITPOINT WARNING * * *
Items here: )) [[ ††.
As you read the scroll labelled GAPNUX BEAMM, it crumbles to dust.
It is a scroll of amnesia.
You feel forgetful for a moment.
The gnoll hits you with a +1 flail of holy wrath.
* * * LOW HITPOINT WARNING * * *
The gnoll closely misses you. The gnoll attacks as it pursues you!
The gnoll barely misses you.
As you read the scroll labelled GUTOARH ISMU, it crumbles to dust.
A profound silence engulfs you.
It was a scroll of silence.
The gnoll hits you with a +1 flail of holy wrath.
* * * LOW HITPOINT WARNING * * *
The gnoll barely misses you. The gnoll attacks as it pursues you!
The gnoll hits you from afar with a +0 spear.
* * * LOW HITPOINT WARNING * * *
The gnoll attacks as it pursues you! The gnoll misses you.
The gnoll attacks as it pursues you! The gnoll closely misses you.
You feel better.
The gnoll hits you with a +1 flail of holy wrath!
* * * LOW HITPOINT WARNING * * *
The gnoll hits you from afar with a +0 spear.
* * * LOW HITPOINT WARNING * * *
The gnoll attacks as it pursues you! The gnoll closely misses you.
The gnoll attacks as it pursues you! The gnoll misses you.
The gnoll attacks as it pursues you! The gnoll barely misses you.
The gnoll attacks as it pursues you!
The gnoll hits you from afar with a +0 spear!
You die...

# #..........#####
#.#....#####)#
##.#.....####)#
............).#
.#......g######
........##
#......g#
#.##.#.g###
#.##....h.#
........#.#
#.##....#.# .# #
#....#.# .)
#...##.# .##
##.###.# ..# # #
#.# #.#
..##.#.##.###.# #.#
............#.###.#


You could see 2 gnolls.

Vanquished Creatures
  A gnoll sergeant (D:5)
  A gnoll bouda (D:5)
  An orc wizard (D:2)
  Natasha (thrice) (D:2)
  3 gnolls (D:5)
  A river rat (D:5)
  3 adders
  A worm (D:2)
  2 dart slugs
  3 orcs (D:2)
  3 ball pythons
  7 bats
  5 endoplasms
  3 giant cockroaches
  4 goblins
  3 hobgoblins (D:1)
  4 jackals
  A kobold (D:1)
  4 quokkas
  4 frilled lizards
  4 rats
  A spectral hobgoblin (D:1)
62 creatures vanquished.

Notes
Turn   | Place    | Note
-------+----------+-------------------------------------------
     0 | D:1      | Adrian566 the Troll Shapeshifter began the quest for the
                  | Orb.
     0 | D:1      | Reached XP level 1. HP: 18/18 MP: 0/0
   147 | D:1      | Reached XP level 2. HP: 26/26 MP: 1/1
   364 | D:1      | Found a faded altar of an unknown god.
   381 | D:1      | Reached XP level 3. HP: 32/32 MP: 2/2
   775 | D:2      | Noticed Natasha
   784 | D:2      | Killed Natasha
   838 | D:2      | Reached XP level 4. HP: 40/40 MP: 3/3
   895 | D:2      | Noticed Natasha
   900 | D:2      | Killed Natasha
   963 | D:2      | Reached skill level 4 in Unarmed Combat
   974 | D:2      | Reached XP level 5. HP: 46/46 MP: 4/4
  1015 | D:2      | Noticed Natasha
  1020 | D:2      | Killed Natasha
  1021 | D:2      | Reached skill level 1 in Fighting
  1843 | D:3      | You fall into a shaft and drop 2 floors!
  1843 | D:5      | Entered Level 5 of the Dungeon
  1909 | D:5      | Found a glowing drain.
  1947 | D:5      | Reached XP level 6. HP: 25/55 MP: 5/5
  1969 | D:5      | Reached skill level 5 in Unarmed Combat
  1981 | D:5      | Slain by a gnoll

Illustrated notes

Levels and vault maps discovered:
D:1:      ncdulo_lavacross, layout_loops_ring,
          dreamdust_ecumenical_altar_drowned_temple
D:2:      layout_loops_cross, uniq_natasha
D:3:      minmay_goblin_kobold_castle, layout_basic, nzn_wu_jian_council_hall,
          minmay_misc_feat_four_crosses
D:5:      layout_loops_ring, portal_sewer_entry_a, nicolae_grassy_gnolls

Skill      XL: |  1  2  3  4  5  6 |
---------------+-------------------+-----
Dodging        | 2 |  2.6
Shapeshifting  | 4 |  4.5
Unarmed Combat | 4 5 |  5.0
Fighting       | 1 |  1.0
Stealth        | |  0.2

Action                     |  1- 3 |  4- 6 || total
---------------------------+-------+-------++-------
  Melee: Unarmed           |    84 |    82 ||   166
         Punch             |     5 |     1 ||     6
    Use: Scroll            |       |     7 ||     7
         Potion            |       |     4 ||     4
 Armour: Animal skin       |    55 |    62 ||   117
         Skin              |       |    24 ||    24
  Dodge: Dodged            |    41 |    56 ||    97
   Form: Beast             |     3 |       ||     3
                           |     2 |       ||     2

Table legend: (Time is in decaauts)
 A = Elapsed time spent in this place.
 B = Non-inter-level travel time spent in this place.
 C = Inter-level travel time spent in this place.
 D = Time resting spent in this place.
 E = Time spent auto-exploring this place.
 F = Levels seen in this place.
 G = Mean time per level.
                   A        B        C        D        E       F      G
               +--------+--------+--------+--------+--------+-----+--------+
         Total |   1967 |   1700 |    267 |    200 |   1090 |   4 |  491.8 |
       Dungeon |   1967 |   1700 |    267 |    200 |   1090 |   4 |  491.8 |
               +--------+--------+--------+--------+--------+-----+--------+

Top non-repeatable levels by time:
     D:2: 1040 daAuts
     D:1: 709 daAuts
     D:5: 134 daAuts
     D:3: 83 daAuts
